 Dungeon Crawl Stone Soup version 0.18.1-5-g4a78601 (webtiles) character file.

504 oplop the Insei (level 7, -2/46 HPs)
             Began as an Octopode Transmuter on May 9, 2016.
             Was a Follower of Cheibriados.
             Slain by a shadow imp (3 damage)
             ... on level 5 of the Dungeon.
             The game lasted 00:06:51 (3913 turns).

oplop the Insei (Octopode Transmuter)               Turns: 3913, Time: 00:06:52

Health: -2/46      AC:  1    Str: 13    XL:     7   Next: 17%
Magic:  6/11       EV: 13    Int: 20    God:    Cheibriados [*.....]
Gold:   134        SH:  0    Dex: 15    Spells: 3 memorised, 6 levels left

rFire  . . .     SeeInvis .       - Unarmed
rCold  . . .     Gourm    .     (no shield)
rNeg   . . .     Faith    .     (helmet restricted)
rPois  .         Spirit   .     (no amulet)
rElec  .         Dismiss  .     (no ring)
rCorr  .         Reflect  .     (no ring)
SustAt .         Harm     .     (no ring)
MR     .....                    (no ring)
Stlth  ++........               (no ring)
                                (no ring)
                                (no ring)
                                (no ring)

@: lethally poisoned (-2 -> -12), appendage, flying, very slightly contaminated,
very slow, not resistant to hostile enchantments, unstealthy
A: almost no armour, amphibious, 8 rings, constrict 8, tentacle spike 3,
camouflage 1, gelatinous body 1
a: End Transformation, Bend Time, Renounce Religion


You were on level 5 of the Dungeon.
You worshipped Cheibriados.
Cheibriados was aware of your devotion.
You were hungry.
One of your tentacles had a temporary spike.
You visited 1 branch of the dungeon, and saw 5 of its levels.

You collected 134 gold pieces.

Inventory:

Missiles
 a - 62 arrows
Scrolls
 e - 2 scrolls of fog
 f - 2 scrolls of remove curse
 k - a scroll of immolation {unknown}
 m - a scroll of noise
 q - 2 scrolls of amnesia
 r - a scroll of teleportation {unknown}
Potions
 h - a potion of heal wounds {unknown}
 i - a potion of curing {unknown}
 j - a potion of mutation {unknown}
 l - a potion of berserk rage {unknown}
 n - a potion of flight
 o - a potion of resistance {unknown}
 s - a potion of magic {unknown}
Books
 b - a book of Changes

   Spells                             Type                      Level
   a - Beastly Appendage              Transmutation                1
   b - Sticks to Snakes               Transmutation                2
   c - Spider Form                    Transmutation/Poison         3
   d - Ice Form                       Ice/Transmutation            4
   e - Blade Hands                    Transmutation                5
Comestibles
 c - 3 bread rations
 d - a slice of pizza
 g - a meat ration


   Skills:
 + Level 3.0 Fighting
 + Level 3.4 Dodging
 + Level 4.0 Unarmed Combat
 + Level 3.2 Spellcasting
 * Level 3.8 Transmutations
 * Level 3.0 Invocations


You had 6 spell levels left.
You knew the following spells:

 Your Spells              Type           Power        Failure   Level  Hunger
a - Beastly Appendage     Trmt           ###...       2%          1    None
b - Sticks to Snakes      Trmt           ###.....     4%          2    ##.....
c - Spider Form           Trmt/Pois      ##........   21%         3    ###....


Dungeon Overview and Level Annotations

Branches:
Dungeon (5/15)
 Temple: D:4-7

Altars:
Cheibriados
Dithmenos
Fedhas
Nemelex Xobeh
Ru

Annotations:
D:3 Crazy Yiuf, Grinder


Innate Abilities, Weirdness & Mutations

You cannot wear most types of armour.
You are amphibious.
You can wear up to eight rings at the same time.
You can use your tentacles to constrict eight enemies at once.
Your skin changes colour to match your surroundings (Stealth).
Your rubbery body absorbs attacks (AC +1).
One of your tentacles bears a large vicious spike.


Message History

* * * LOW HITPOINT WARNING * * *
Unknown command.
Unknown command.
You tentacle-slap the shadow imp. Your grab misses the shadow imp.
You pierce the shadow imp, but do no damage.
The shadow imp is moderately wounded.
The shadow imp hits you.
* * * LOW HITPOINT WARNING * * *
Your ball python bites the shadow imp.
Your ball python misses the shadow imp.
Unknown command.
Unknown command.
Unknown command.
Unknown command.
Drink which item? (? for menu, Esc to quit)
It was a potion of flight.
You feel very buoyant.
You fly up into the air.
* * * LOW HITPOINT WARNING * * *
You feel sick. The shadow imp hits you.
You die...

#..#.# #... ##.#.#
#.## #.#.# #.#
####...## #.#
#.......# #.#
#.......### #.#
#.........### #.#
.......>.#...# #.#
≈≈##########@'# #.# §≈
......5S.# #.#
#.....=..# #.#
##.......# #.#
§##..(...# #.#
##.....# #.# ≈##....#
#.#
≈≈≈##...############.#
#.........##.#


You could see a shadow imp and a friendly ball python.

Vanquished Creatures
  A centaur (D:5)
  A howler monkey (D:4)
  A giant frog zombie (D:5)
  2 crimson imps (D:5)
  A hound (D:4)
  An orc priest (D:5)
  An orc wizard (D:5)
  A worker ant zombie (D:5)
  4 adders
  2 worms (D:2)
  4 dart slugs
  6 giant geckos
  3 orcs
  5 giant cockroaches
  6 goblins
  8 hobgoblins
  7 jackals
  A quokka (D:2)
  A ball python (D:4)
  6 bats
  5 giant newts
  13 kobolds
  9 rats
89 creatures vanquished.

Vanquished Creatures (collateral kills)
  A giant frog skeleton (D:4)
  A worker ant (D:5)
  An orc (D:5)
3 creatures vanquished.

Grand Total: 92 creatures vanquished

Notes
Turn   | Place    | Note
--------------------------------------------------------------
     0 | D:1      | oplop the Octopode Transmuter began the quest for the Orb.
     0 | D:1      | Reached XP level 1. HP: 13/13 MP: 3/3
   482 | D:1      | Reached XP level 2. HP: 11/18 MP: 3/5
   818 | D:1      | Reached XP level 3. HP: 13/23 MP: 4/6
  1241 | D:1      | Learned a level 2 spell: Sticks to Snakes
  1245 | D:1      | Learned a level 3 spell: Spider Form
  1311 | D:2      | Reached XP level 4. HP: 15/29 MP: 2/7
  1680 | D:2      | Found a snail-covered altar of Cheibriados.
  1742 | D:2      | Became a worshipper of Cheibriados the Contemplative
  2016 | D:3      | Found a shadowy altar of Dithmenos.
  2096 | D:3      | Noticed Crazy Yiuf
  2166 | D:3      | Found a sacrificial altar of Ru.
  2167 | D:3      | Noticed Grinder
  2227 | D:3      | Found a sparkling altar of Nemelex Xobeh.
  2229 | D:3      | Found a blossoming altar of Fedhas.
  2460 | D:4      | Reached skill level 1 in Invocations
  2460 | D:4      | Reached XP level 5. HP: 27/34 MP: 7/9
  2534 | D:4      | Reached * piety under Cheibriados
  3198 | D:5      | Entered Level 5 of the Dungeon
  3247 | D:5      | Reached XP level 6. HP: 36/41 MP: 5/10
  3767 | D:5      | Reached XP level 7. HP: 25/45 MP: 8/11
  3910 | D:5      | Reached skill level 4 in Unarmed Combat
  3912 | D:5      | HP: 2/46 [shadow imp (2)]
  3913 | D:5      | Slain by a shadow imp

Skill      XL: |  1  2  3  4  5  6  7 |
---------------+----------------------+-----
Fighting       | 2 3 |  3.0
Transmutations | 3 |  3.8
Invocations    | 1 2 3 |  3.0
Dodging        | 3 |  3.4
Spellcasting   | 3 |  3.2
Unarmed Combat | 4 |  4.0

Action                   |  1- 3 |  4- 6 |  7- 9 || total
-------------------------+-------+-------+-------++-------
Melee: Unarmed           |    96 |   126 |    21 ||   243
       Constrict         |    26 |    22 |     1 ||    49
       Kick              |    22 |    16 |     5 ||    43
       Tentacles         |    15 |    15 |     4 ||    34
       Punch             |       |     3 |     2 ||     5
 Cast: Beastly Appendage |    23 |    16 |     1 ||    40
       Spider Form       |       |     5 |     1 ||     6
       Sticks to Snakes  |       |     2 |     1 ||     3
  Use: Scroll            |       |     4 |       ||     4
       Potion            |       |       |     1 ||     1
 Stab: Sleeping          |     2 |    11 |       ||    13
       Distracted        |       |     1 |     1 ||     2
  Eat: Chunk             |     1 |     8 |       ||     9
Armor: Skin              |     9 |     9 |     1 ||    19
Dodge: Dodged            |    65 |   103 |    15 ||   183
